 Dungeon Crawl Stone Soup version 0.29-a0-334-gb41bcbb86e (webtiles) character file.

Game seed: 5120393516797161188

4744 stormannn the Thaumaturge (level 10, -6/75 HPs)
             Began as a Djinni Summoner on Apr 13, 2022.
             Was an Initiate of Yredelemnul.
             Mangled by a two-headed ogre
             ... wielding a +0 giant club
              (28 damage)
             ... on level 8 of the Dungeon.
             The game lasted 00:38:55 (11632 turns).

stormannn the Thaumaturge (Djinni Summoner)        Turns: 11632, Time: 00:38:56

Health: -6/75      AC:  6    Str:  5    XL:     10   Next: 74%
Gold:   520        EV: 15    Int: 22    God:    Yredelemnul [......] SH:  0 Dex: 13

rFire   + + .      SeeInvis .   o - +5 rapier "Evow" {protect, rElec rF+ rC+ Str-2}
rCold   + + .      Faith    .   (no shield)
rNeg    . . .      Spirit   .   c - +2 robe {rC+}
rPois   ∞          Reflect  .   j - +0 helmet
rElec   +          Harm     .   (no cloak)
rCorr   .          Rampage  .   h - +0 pair of gloves
Will    +....                   (boots unavailable)
Stlth   ++........              (no amulet)
HPRegen 0.22/turn               g - ring of ice
MPRegen 0.00/turn               (no ring)

@: flying
A: sickness immunity, fire resistance 2, cold vulnerability 1, float, innate
caster, HP casting, extra vitality 1
a: Renounce Religion, Recall Undead Harvest


You were on level 8 of the Dungeon.
You worshipped Yredelemnul.
Yredelemnul was noncommittal.
You visited 1 branch of the dungeon, and saw 8 of its levels.

You collected 520 gold pieces.

Inventory:

Hand Weapons
 k - the +6 flail of Impeachment {freeze, rPois Dex+4}
   (You found it on level 3 of the Dungeon)

   It freezes those it strikes, dealing additional cold damage.
   It can also slow down cold-blooded creatures.
   Dex:       It affects your dexterity (+4).
   rPois:     It protects you from poison.
 o - the +5 rapier "Evow" (weapon) {protect, rElec rF+ rC+ Str-2}
   (You found it on level 4 of the Dungeon)

   It grants its wielder temporary protection when it strikes (+7 to AC).
   Str:       It affects your strength (-2).
   rF:        It protects you from fire.
   rC:        It protects you from cold.
   rElec:     It insulates you from electricity.
Missiles
 f - 3 throwing nets
Armour
 c - a +2 robe of cold resistance (worn)
 h - a +0 pair of gloves (worn)
 j - a +0 helmet (worn)
 r - +0 steam dragon scales
 v - a +0 troll leather armour
Jewellery
 g - a ring of ice (left hand)
Wands
 l - a wand of mindburst (8)
 p - a wand of charming (8)
 s - a wand of iceblast (5)
 y - a wand of paralysis (4)
Scrolls
 a - 3 scrolls of identify
 m - a scroll of teleportation
 w - a scroll of summoning
 A - a scroll of vulnerability {unknown}
Potions
 b - 2 potions of resistance
 d - a potion of lignification
 e - a potion of heal wounds
 i - a potion of berserk rage
 n - 2 potions of flight
 q - 2 potions of curing
 t - a potion of brilliance
 u - a potion of ambrosia
 x - 4 potions of mutation {unknown}
 z - a potion of haste


   Skills:
 + Level 7.4 Fighting
 + Level 8.5 Dodging
 - Level 1.5 Stealth
 * Level 9.0 Spellcasting


You had 5 spell levels left.
You knew the following spells:

 Your Spells              Type           Power      Damage    Failure   Level
a - Summon Small Mammal   Summ           100%       N/A       1%          1
b - Call Imp              Summ           49%        N/A       1%          2
c - Call Canine Familiar  Summ           49%        N/A       1%          3
d - Summon Guardian Gole  Hex/Summ       49%        N/A       1%          3
e - Summon Lightning Spi  Summ/Air       49%        N/A       1%          4
f - Apportation           Tloc           98%        N/A       1%          1
g - Searing Ray           Conj           98%        2d8       1%          2
h - Wereblood             Tmut           49%        N/A       1%          2
i - Passage of Golubria   Tloc           49%        N/A       1%          4
Your spell library was empty.

Dungeon Overview and Level Annotations

Branches:
Dungeon (8/15)             Temple (0/1) D:6
   Lair: D:8-11

Altars:
Dithmenos
Makhleb
Nemelex Xobeh
Qazlal
Trog
Xom
Yredelemnul

Shops:
D:8 [

Annotations:
D:5 1 runed translucent door, YayAnonymity's ghost, novice DrGl


Innate Abilities, Weirdness & Mutations

You are immune to sickness and miasma.
You are immune to poison.
Your flesh is very heat resistant. (rF++)
You are vulnerable to cold. (rC-)
You float through the air rather than walking.
You learn spells naturally, not from books.
Your magical power is your life essence.
You have superior vitality. (+4 MHP)


Message History

You start resting.
Your guardian golem disappears in a puff of smoke!
HP restored.
Found 12 stones.
Found a hunting sling.
You see here 12 stones.
You see here a +0 hunting sling.
There is a stone staircase leading down here.
You swap places.
There is a stone staircase leading down here.
There is a stone staircase leading up here.
A two-headed ogre comes into view. It is wielding two +0 giant clubs.
The two-headed ogre shouts in stereo!
A two-headed ogre is nearby!
You swap places.
You swap places.
The two-headed ogre attacks as you move away!
The two-headed ogre hits you with a +0 giant club!
The two-headed ogre closely misses you.
Your bullfrog zombie hits the two-headed ogre.
The two-headed ogre hits your bullfrog zombie with a +0 giant club!! x2
Your bullfrog zombie is destroyed!
Casting: Summon Guardian Golem (safe; 1% risk of failure)
Confirm with . or Enter, or press ? or * to list all spells.
A guardian golem appears, shielding your allies.
There is an open door here.
Casting: Summon Guardian Golem (safe; 1% risk of failure)
Confirm with . or Enter, or press ? or * to list all spells.
The two-headed ogre attacks as you move away!
The two-headed ogre completely misses you.
The two-headed ogre hits you with a +0 giant club!
Your wolf barely misses the two-headed ogre.
Your wolf bites the two-headed ogre.
Okay, then.
The two-headed ogre attacks as you move away!
The two-headed ogre hits you with a +0 giant club!!
* * * LOW HITPOINT WARNING * * *
The two-headed ogre hits you with a +0 giant club!!
You die...
Your body rises from the dead as a mindless zombie.

#.# #..............#### #.#
#.####............. #.#
#..###.#.###.. #.#
###+####(.....#.....# #.#
#.....#.....######### #.#
#.....#.###.#........
##'#######.....#.....#.#######
#........+.....#...###.#######
####.....####...@.###.###........
...'.....# ###'#O#.....#..######
..##.....# #.#h#.#.)..<.......
..##.....######.#9......#..######
.........................<.>.....
#######.#########################
### #.##.. ..# #Z##.######### ..#
#Z##.#........


You could see a two-headed ogre (ally target), a friendly guardian golem
(summoned) and a friendly wolf (summoned, sheltered).

Vanquished Creatures
  An ice beast (D:6)
  A phantom (D:6)
  A bullfrog (D:8)
3 creatures vanquished.

Vanquished Creatures (collateral kills)
  Sigmund (D:3)
  The ghost of Cecur the Insei, an amateur OpTm of Ashenzari (D:3)
  An acid dragon (D:7)
  An ice beast (D:7)
  A centaur (D:7)
  A kobold brigand (D:8)
  A gnoll sergeant (D:7)
  3 bullfrogs
  3 scorpions
  2 necrophages
  A howler monkey (D:6)
  A hound (D:4)
  A jelly (D:7)
  2 orc priests (D:7)
  3 iguanas
  7 orc wizards
  17 gnolls
  10 adders
  A river rat (D:3)
  2 white imps
  An ufetubus (D:5)
  5 worms
  23 orcs
  7 ball pythons
  6 endoplasms
  5 giant cockroaches
  5 goblins
  6 hobgoblins
  6 quokkas
  4 bats
  4 frilled lizards
  8 kobolds
  13 rats
153 creatures vanquished.

Vanquished Creatures (others)
  A two-headed ogre (D:8)
  Maurice (D:8)
  Maggie (D:7)
  A troll (D:7)
  A wyvern (D:7)
  3 yaks (D:8)
  2 steam dragons (D:7)
  A centaur (D:5)
  A gnoll sergeant (D:7)
  5 wights (D:8)
  A spectral ice beast (D:7)
  A bullfrog zombie (D:8)
  An iguana (D:5)
  A scorpion zombie (D:7)
  Ijyb (D:5)
  2 kobold zombies (D:8)
  A steam dragon zombie (D:7)
  4 orc zombies
  A spectral white imp (D:7)
  An orc (D:7)
  A gnoll zombie (D:7)
  A plant (D:3)
33 creatures vanquished.

Grand Total: 189 creatures vanquished

Notes
Turn   | Place    | Note
-------+----------+-------------------------------------------
     0 | D:1      | stormannn the Djinni Summoner began the quest for the Orb.
     0 | D:1      | Reached XP level 1. HP: 15/15 MP: 0/0
   391 | D:1      | Reached XP level 2. HP: 19/22 MP: 0/0
  1422 | D:1      | Reached skill level 1 in Fighting
  1422 | D:1      | Reached XP level 3. HP: 8/27 MP: 0/0
  1422 | D:1      | Learned a level 1 spell: Apportation
  2618 | D:2      | Reached XP level 4. HP: 26/32 MP: 0/0
  3381 | D:3      | You are sucked into a shaft and drop 3 floors!
  3471 | D:6      | Reached skill level 4 in Spellcasting
  3592 | D:6      | Reached XP level 5. HP: 35/38 MP: 0/0
  3592 | D:6      | Learned a level 2 spell: Searing Ray
  3695 | D:5      | Entered Level 5 of the Dungeon
  3724 | D:3      | Noticed Sigmund
  3724 | D:3      | Found a runed translucent door.
  3786 | D:3      | Killed Sigmund
  3787 | D:3      | Reached XP level 6. HP: 16/45 MP: 0/0
  4441 | D:3      | Found a burning altar of Makhleb.
  4483 | D:3      | Reached XP level 7. HP: 38/49 MP: 0/0
  4483 | D:3      | Learned a level 2 spell: Wereblood
  4679 | D:3      | Identified the +6 flail of Impeachment {freeze, rPois
                  | Dex+4}
  4774 | D:3      | Reached skill level 5 in Spellcasting
  4826 | D:3      | Noticed Cecur's ghost (amateur OpTm)
  5230 | D:3      | Killed Cecur's ghost
  5463 | D:4      | Found a shadowy altar of Dithmenos.
  5621 | D:4      | Identified the +5 rapier "Evow" {protect, rElec rF+ rC+
                  | Str-2}
  6597 | D:5      | Reached XP level 8. HP: 47/58 MP: 0/0
  6765 | D:5      | Reached skill level 5 in Dodging
  7066 | D:5      | Noticed a moth of wrath
  7071 | D:5      | Found a bloodstained altar of Trog.
  7097 | D:5      | Noticed Ijyb
  7113 | D:5      | Killed Ijyb
  7201 | D:5      | Found a runed translucent door.
  7202 | D:5      | Noticed YayAnonymity's ghost (novice DrGl)
  7202 | D:5      | Noticed a yak
  7902 | D:6      | Reached skill level 6 in Spellcasting
  8451 | D:6      | Found a basalt altar of Yredelemnul.
  8458 | D:6      | Became a worshipper of Yredelemnul the Dark
  8603 | D:6      | Found a staircase to the Ecumenical Temple.
  8911 | D:7      | Reached XP level 9. HP: 62/64 MP: 0/0
  8911 | D:7      | Learned a level 4 spell: Passage of Golubria
  8972 | D:7      | Noticed Maggie
  8988 | D:7      | Reached skill level 5 in Fighting
  9002 | D:7      | Killed Maggie
  9003 | D:7      | Reached skill level 7 in Spellcasting
  9222 | D:7      | Noticed a troll
  9229 | D:7      | Reached * piety under Yredelemnul
  9240 | D:7      | Killed a troll
  9531 | D:7      | Found a shimmering altar of Xom.
  9553 | D:7      | Reached XP level 10. HP: 50/72 MP: 0/0
  9707 | D:7      | Reached skill level 8 in Spellcasting
 10486 | D:7      | Found a sparkling altar of Nemelex Xobeh.
 10486 | D:7      | Found a stormy altar of Qazlal.
 10833 | D:8      | Noticed Maurice
 10849 | D:8      | Noticed a two-headed ogre
 10864 | D:8      | Killed Maurice
 10870 | D:8      | Killed a two-headed ogre
 11307 | D:8      | Found Mem Xomn's Armour Shop.
 11539 | D:8      | Reached skill level 9 in Spellcasting
 11613 | D:8      | Noticed a two-headed ogre
 11632 | D:8      | Mangled by a two-headed ogre

Illustrated notes

Levels and vault maps discovered:
D:1:      erik_arrival_orb_chamber, layout_basic
D:2:      layout_loops_corners, nrook_mini_vaults, minmay_tripent
D:3:      layout_loops_ring, bloody_makhleb, portal_sewer_entry_c,
          ebering_ghost_sewer_d, serial_bayou_lagoon_b, uniq_sigmund
D:4:      layout_rooms, mainiacjoe_overflow_tiny_flanked,
          kennysheep_small_spiral, roderic_serpentine_path, chequers_arboretum
D:5:      layout_basic, tgw_trog, ebering_ghost_inner_flame, uniq_ijyb
D:6:      wander_river, layout_basic, mainiacjoe_overflow_24_doors,
          minmay_temple_entry_junction, grunt_decor_arrowhead,
          kennysheep_generic_room_5
D:7:      layout_basic, xom_confusion_cloud, gammafunk_temple_overflow_elements,
          uniq_maggie
D:8:      layout_basic, serial_shops, kennysheep_little_box,
          minmay_misc_feat_columns, uniq_maurice

Skill      XL: |  1  2  3  4  5  6  7  8  9 10 |
---------------+-------------------------------+-----
Fighting       | 1 2 3 4 6 7 |  7.4
Dodging        | 3 4 6 7 8 |  8.5
Spellcasting   | 4 5 6 7 9 |  9.0
Stealth        | |  1.5

Action                   |  1- 3 |  4- 6 |  7- 9 | 10-12 || total
-------------------------+-------+-------+-------+-------++-------
Melee: Unarmed           |    13 |     1 |       |       ||    14
       Rapier            |       |       |     7 |     4 ||    11
 Cast: Summon Small Mamm |    59 |    42 |    44 |       ||   145
       Call Imp          |     5 |    14 |    13 |     4 ||    36
       Call Canine Famil |       |    11 |    49 |    14 ||    74
       Summon Guardian G |       |       |    32 |    19 ||    51
       Searing Ray       |       |       |     2 |       ||     2
       Summon Lightning  |       |       |     2 |       ||     2
Evoke: Wand              |       |       |       |     1 ||     1
  Use: Scroll            |     3 |     5 |     6 |     2 ||    16
       Potion            |       |     5 |     1 |       ||     6
Armor: Robe              |    15 |     4 |    12 |     2 ||    33
       Skin              |       |     6 |       |       ||     6
Dodge: Dodged            |    34 |    21 |    31 |     8 ||    94

Table legend: (Time is in decaauts)
 A = Elapsed time spent in this place.
 B = Non-inter-level travel time spent in this place.
 C = Inter-level travel time spent in this place.
 D = Time resting spent in this place.
 E = Time spent auto-exploring this place.
 F = Levels seen in this place.
 G = Mean time per level.
                   A        B        C        D        E       F      G
               +--------+--------+--------+--------+--------+-----+--------+
         Total |  11636 |  11355 |    281 |   2237 |   6461 |   8 | 1454.5 |
       Dungeon |  11636 |  11355 |    281 |   2237 |   6461 |   8 | 1454.5 |
               +--------+--------+--------+--------+--------+-----+--------+

Top non-repeatable levels by time:
     D:7: 1799 daAuts
     D:1: 1701 daAuts
     D:2: 1685 daAuts
     D:3: 1568 daAuts
     D:5: 1484 daAuts
     D:6: 1464 daAuts
     D:8: 1005 daAuts
     D:4: 927 daAuts
